 Dungeon Crawl Stone Soup version 0.24-a0-252-g5076262 (webtiles) character file.

Game seed: 8805248093489255586

49 Azureo the Chopper (level 3, -22/27 HPs)
             Began as a Demonspawn Gladiator on Apr 17, 2019.
             Killed from afar by an adder (25 damage)
             ... with an exploding inner flame
             ... hexed by the player character
             ... on level 2 of the Dungeon.
             The game lasted 00:05:29 (814 turns).

Azureo the Chopper (Demonspawn Gladiator)            Turns: 814, Time: 00:05:33

Health: -22/27     AC:  4    Str: 15    XL:     3   Next: 53%
Magic:  3/3        EV: 13    Int:  9    God:
Gold:   41         SH:  0    Dex: 14    Spells: 2/2 levels left

rFire    . . .     SeeInvis .   a - +0 war axe
rCold    . . .     Gourm    .   (no shield)
rNeg     . . .     Faith    .   b - +0 leather armour
rPois    .         Spirit   .   c - +0 helmet
rElec    .         Reflect  .   (no cloak)
rCorr    .         Harm     .   (no gloves)
MR       .....                  (no boots)
Stlth    +.........             (no amulet)
HPRegen  0.09/turn              (no ring)
MPRegen  0.08/turn              (no ring)

@: lethally poisoned (-22 -> -34)
A: powered by pain 1
a: no special abilities


You were on level 2 of the Dungeon.
You were not hungry.

You visited 1 branch of the dungeon, and saw 2 of its levels.

You collected 41 gold pieces.

Inventory:

Hand Weapons
 a - a +0 war axe (weapon)
Missiles
 d - 3 throwing nets
 i - 8 tomahawks (quivered)
Armour
 b - a +0 leather armour (worn)
 c - a +0 helmet (worn)
Scrolls
 g - a scroll of random uselessness {unknown}
 h - a scroll of identify {unknown}
 j - 2 scrolls of remove curse {unknown}
 k - a scroll of magic mapping {unknown}
Comestibles
 f - 2 rations


   Skills:
 + Level 2.1 Fighting
 + Level 3.4 Axes
 + Level 2.0 Throwing
 + Level 0.2 Armour
 + Level 3.2 Dodging


You had 2 spell levels left.
You didn't know any spells.
Your spell library was empty.

Dungeon Overview and Level Annotations

Branches:
Dungeon (2/15)

Altars:
Ashenzari
Kikubaaqudgha


Innate Abilities, Weirdness & Mutations

You sometimes gain a little power by taking damage.


Message History

The adder barely misses you. The adder bites you.
* * * LOW HITPOINT WARNING * * *
You are lethally poisoned!
The adder poisons you!
You aren't carrying any potions.
As you read the scroll labeled VIUHUQ ZOPO, it crumbles to dust.
The creatures around you are filled with an inner flame!
It was a scroll of immolation.
* * * LOW HITPOINT WARNING * * *
You feel sick. The adder bites you.
* * * LOW HITPOINT WARNING * * *
You are more poisoned.
The adder poisons you!
You slash the adder!
The adder explodes!
The fiery explosion engulfs the hobgoblin!!
The hobgoblin explodes!
The fiery explosion engulfs you!!
Ouch! That really hurt!
You die...

#......†)####.........
#.##.##..##.†..).####.
#.##.##.....!...## ..
#....##.........# ..
#.....#.........# ....
#.###§#.........##....
#...§§§......?........
#####§##.......####...
#@##.......#
#.########## ... ##.##
#.# #.. ###


There were no monsters in sight!

Vanquished Creatures
  2 adders (D:2)
  2 worms (D:2)
  A giant cockroach (D:1)
  4 goblins
  2 hobgoblins
  3 jackals (D:2)
  4 bats
  2 frilled lizards (D:1)
  3 kobolds
  4 rats
27 creatures vanquished.

Notes
Turn   | Place    | Note
-------+----------+-------------------------------------------
     0 | D:1      | Azureo the Demonspawn Gladiator began the quest for the
                  | Orb.
     0 | D:1      | Reached XP level 1. HP: 16/16 MP: 1/1
   295 | D:1      | Gained mutation: You sometimes gain a little power by
                  | taking damage. [demonic ancestry]
   295 | D:1      | Reached XP level 2. HP: 22/22 MP: 2/2
   477 | D:2      | Found an ancient bone altar of Kikubaaqudgha.
   477 | D:2      | Found a shattered altar of Ashenzari.
   486 | D:2      | Reached XP level 3. HP: 20/27 MP: 3/3
   814 | D:2      | Killed from afar by an adder

Levels and vault maps discovered:
D:1:      mrwooster_arrival_statue, layout_rooms
D:2:      layout_loops_cross, grunt_temple_overflow_open, minmay_split_cup_large

Skill      XL: |  1  2 |
---------------+-------+-----
Axes           | 3 |  3.4
Dodging        | 3 |  3.2
Throwing       | 2 |  2.0
Fighting       | |  2.1
Armour         | |  0.2

Action                   || total
-------------------------++-------
Melee: War axe           ||    67
Throw: Tomahawk          ||     2
  Use: Scroll            ||     1
Armor: Leather armour    ||    25
Dodge: Dodged            ||    66

Table legend:
 A = Non-vault XP
 B = Vault XP
 C = Vault XP percentage of total XP
 D = Non-vault monster count
 E = Vault monster count
 F = Vault count percentage of total count
                 A         B        C        D         E       F
            +---------+---------+-------+---------+---------+-------
      Total |      71 |       0 |   0.0 |      27 |       0 |   0.0
            +---------+---------+-------+---------+---------+-------
        D:1 |      15 |       0 |   0.0 |      11 |       0 |   0.0
        D:2 |      56 |       0 |   0.0 |      16 |       0 |   0.0
            +---------+---------+-------+---------+---------+-------
